 Dungeon Sprint DCSS version 0.31-a0-18-gea43df2a32 (webtiles) character file.

Game seed: 14335146363932906780

880 sircluck the Grappler (level 7, -2/120 HPs)
             Began as a Troll Berserker on May 11, 2023.
             Was a Believer of Trog.
             Slain by a centaur warrior (10 damage)
             ... in the Dungeon (Sprint I: "Red Sonja").
             The game lasted 00:01:01 (116 turns).

sircluck the Grappler (Troll Berserker)              Turns: 116, Time: 00:01:02

Health: -2/120     AC:  4    Str: 28    XL:     7   Next: 75%
Magic:  6/6        EV: 12    Int:  3    God:    Trog [**....]
Gold:   162        SH:  0    Dex:  9    Spells: 6/6 levels left

rFire   . .          .
                       - Unarmed
rCold   . . .        (no shield)
rNeg    . . .        a - +0 animal skin
rPois   .            (helmet restricted)
rElec   .            (no cloak)
rCorr   .            (gloves unavailable)
SInv    .            (boots unavailable)
Will    .....        (no amulet) Stlth
                     (no ring)
HPRegen 1.20/turn    (no ring)
MPRegen 0.10/turn

%: no teleportation
@: berserking, very quick
A: large, unfitting armour, claws 3, regeneration 1, shaggy fur 1, tough skin 1
a: Renounce Religion, Berserk, Trog's Hand


You were in the Dungeon.
You worshipped Trog.
Trog was pleased with you.
You visited 1 branch You collected 162 gold pieces.

Inventory:

Armour
 a - a +0 animal skin (worn)
Wands
 h - a wand of flame (14)
Potions
 b - 2 potions of curing
 d - a potion of haste
 e - 2 potions of magic
 f - a potion of berserk rage
 i - a potion of mutation {unknown}


   Skills:
 + Level 8.2 Fighting
 + Level 8.4 Dodging
 + Level 11.2 Unarmed Combat


You had 6 spell levels left.
You didn't know any spells.
Your spell library was empty.

Dungeon Overview and Level Annotations

Branches:
Dungeon (1/1)

Altars:
Sif Muna
Vehumet
Wu Jian


Innate Abilities, Weirdness & Mutations

You are too large for most types of armour.
You have claws for hands.
Your natural rate of healing is unusually fast.
You are covered in fur. (AC +1)
You have tough skin. (AC +1)


Message History

The hornet buzzes angrily.
You mangle the centaur warrior!!
You kill the centaur warrior!
Trog accepts your kill.
You hear a splash.
The centaur warrior hits you!
The centaur warrior kicks you but does no damage.
Your Fighting skill gained 2 levels and is now at level 8!
Your Dodging skill gained 2 levels and is now at level 8!
Your Unarmed Combat skill gained 3 levels and is now at level 11!
You have reached level 7!
Blink to where?
Press: ? - help, Q - select action, (/) - cycle Dir - move target
As you read the scroll of blinking, it crumbles to dust.
The centaur warrior hits you. The centaur warrior kicks you.
* * * LOW HITPOINT WARNING * * *
Unknown command.
You scratch the centaur warrior but do no damage.
The centaur warrior is moderately wounded.
The centaur warrior hits you!
* * * LOW HITPOINT WARNING * * *
The centaur warrior kicks you.
* * * LOW HITPOINT WARNING * * *
Unknown command.
You feel much better. The centaur warrior hits you!
* * * LOW HITPOINT WARNING * * *
The centaur warrior kicks you.
* * * LOW HITPOINT WARNING * * *
The centaur warrior hits you!
* * * LOW HITPOINT WARNING * * *
The centaur warrior barely misses you.
A red film seems to cover your vision as you go berserk!
You feel yourself moving faster!
You feel mighty!
The centaur warrior hits you but does no damage.
The centaur warrior kicks you.
* * * LOW HITPOINT WARNING * * *
You claw the centaur warrior!
The centaur warrior is heavily wounded.
The centaur warrior hits you!
You die...

################
#<.#..').#..'..#
#..').#..').#..+
#..#####'#####§#
## #..# #..#
#@####$(# #..#
#### ##c#~§§§.#
#..# #_y'§§~.§'
#⌠⌠#
+...§#~y~y.#
####
#_.#+##+#### ##+


You could see a centaur warrior and a hornet.

Vanquished Creatures
  A centaur warrior (D)
  Sigmund (D)
  An ogre (D)
  A jelly (D)
  Ijyb (D)
5 creatures vanquished.

Notes
Turn   | Place    | Note
-------+----------+-------------------------------------------
     0 | D        | sircluck the Troll Berserker began the quest for the Orb.
     0 | D        | Reached XP level 1. HP: 22/22 MP: 0/0
     1 | D        | Noticed Ijyb
    16 | D        | Killed Ijyb
    17 | D        | Reached skill level 4 in Unarmed Combat
    17 | D        | Reached XP level 2. HP: 22/31 MP: 1/1
    21 | D        | Noticed an ogre
    25 | D        | Killed an ogre
    26 | D        | Reached skill level 6 in Unarmed Combat
    26 | D        | Reached XP level 3. HP: 21/41 MP: 2/2
    26 | D        | Reached XP level 4. HP: 25/49 MP: 3/3
    58 | D        | Noticed Sigmund
    66 | D        | Killed Sigmund
    66 | D        | Reached ** piety under Trog
    67 | D        | Reached skill level 8 in Unarmed Combat
    67 | D        | Reached XP level 5. HP: 49/59 MP: 4/4
    67 | D        | Reached XP level 6. HP: 56/67 MP: 5/5
    90 | D        | Found an ornate altar of the Wu Jian Council.
    90 | D        | Found a shimmering blue altar of Sif Muna.
    92 | D        | Found a radiant altar of Vehumet.
   103 | D        | Noticed a centaur warrior
   103 | D        | Noticed a centaur warrior
   110 | D        | Noticed a hornet
   111 | D        | Killed a centaur warrior
   112 | D        | Reached skill level 11 in Unarmed Combat
   112 | D        | Reached XP level 7. HP: 25/80 MP: 6/6
   116 | D        | Slain by a centaur warrior

Illustrated notes

Levels and vault maps discovered:
D:        dungeon_sprint_1 [red_sonja_temple_1, red_sonja_temple_small_1]

Skill      XL: |  1  2  3  4  5  6 |
---------------+-------------------+-----
Fighting       | 3 4 6 8 |  8.2
Dodging        | 3 4 6 8 |  8.4
Unarmed Combat | 4 6 8 11 | 11.2

Action                     |  1- 3 |  4- 6 |  7- 9 || total
---------------------------+-------+-------+-------++-------
  Melee: Unarmed           |    16 |    12 |     2 ||    30
         Punch             |     1 |       |       ||     1
 Invoke: Berserk           |       |       |     1 ||     1
  Evoke: Wand              |       |     1 |       ||     1
    Use: Scroll            |       |       |     1 ||     1
         Potion            |       |       |     1 ||     1
 Armour: Animal skin       |     3 |     5 |     1 ||     9
  Dodge: Dodged            |     4 |     5 |     1 ||    10

Table legend: (Time is in decaauts)
 A = Elapsed time spent in this place.
 B = Non-inter-level travel time spent in this place.
 C = Inter-level travel time spent in this place.
 D = Time resting spent in this place.
 E = Time spent auto-exploring this place.
 F = Levels seen in this place.
 G = Mean time per level.
                   A        B        C        D        E       F      G
               +--------+--------+--------+--------+--------+-----+--------+
         Total |    113 |    113 |      0 |      5 |     61 |   1 |  113.0 |
       Dungeon |    113 |    113 |      0 |      5 |     61 |   1 |  113.0 |
               +--------+--------+--------+--------+--------+-----+--------+

Top non-repeatable levels by time:
       D: 113 daAuts
